 Dungeon Crawl Stone Soup version 0.30.0-15-g856e2d3f33 (webtiles) character file.

Game seed: 12949444269473655193

20921 javelincjr the Thaumaturge (level 13, -2/82 HPs)
             Began as a Djinni Earth Elementalist on May 17, 2023.
             Was a High Priest of Hepliaklqana.
             Slain by an eight-headed hydra (9 damage)
             ... on level 13 of the Dungeon on May 18, 2023.
             The game lasted 01:56:24 (13486 turns).

javelincjr the Thaumaturge (DjEE)                  Turns: 13486, Time: 01:56:26

Health: -2/82      AC:  7    Str:  7    XL:     13   Next: 16%
Gold:   160        EV: 12    Int: 21    God:    Hepliaklqana [*****.] SH: 15 Dex: 13

rFire   + + +        U - +8 flail "Ipru" {vamp, rPois rC+ Stlth-}
rCold   . . .        G - +0 kite shield
rNeg    . . .        J - +0 troll leather armour
rPois   ∞            B - +2 hat {Stlth+}
rElec   .            n - scarf {repulsion}
rCorr   .            (no gloves)
SInv    .            (boots unavailable)
Will    ++...        i - amulet of Dishonesty {Reflect Rampage MP+9 Str-2 SH+5}
Stlth   +++          g - ring of willpower
HPRegen 1.13/turn    S - ring of protection from fire
MPRegen 0.00/turn

%: repel missiles, reflection, rampage, infuse magic (-3 HP)
@: flying, studying Armour
A: reduced essence, sickness immunity, fire resistance 2, cold vulnerability 1,
float, innate caster, HP casting, extra vitality 1
a: Renounce Religion, Recall Ancestor, Ancestor Identity, Transference, Idealise


You were on level 13 of the Dungeon.
You worshipped Hepliaklqana.
Hepliaklqana was extremely pleased with you.
You visited 2 branches of the dungeon, and saw 14 of its levels.
You also visited: Sewer and Gauntlet.

You collected 967 gold pieces.
You spent 807 gold pieces at shops.

Inventory:

Hand Weapons
 U - the +8 flail "Ipru" (weapon) {vamp, rPois rC+ Stlth-}
   (You bought it in a shop on level 6 of the Dungeon)

   rC:        It protects you from cold.
   rPois:     It protects you from poison.
   Stlth:     It makes you less stealthy.
Missiles
 w - 3 silver javelins
 y - 3 boomerangs of dispersal
Armour
 a - a +0 tower shield
 n - a scarf of repulsion (worn)
 v - a scarf of resistance
 B - a +2 hat of stealth (worn)
 G - a +0 kite shield (worn)
 J - a +0 troll leather armour (worn)
Jewellery
 g - a ring of willpower (left hand)
 i - the amulet of Dishonesty (around neck) {Reflect Rampage MP+9 Str-2 SH+5}
   (You found it in a Gauntlet)

   [amulet of reflection]

   It reflects blocked missile attacks.
   Str:       It affects your strength (-2).
   MP:        It affects your magic capacity (+9).
   SH:        It affects your SH (+5).
   Rampage:   It bestows one free step when moving towards enemies.
 S - a ring of protection from fire (right hand)
Wands
 q - a wand of iceblast (23)
 K - a wand of polymorph (5)
 P - a wand of flame (29)
 Q - a wand of mindburst (11)
Scrolls
 c - 3 scrolls of vulnerability
 e - 3 scrolls of fog
 h - 6 scrolls of teleportation
 k - 3 scrolls of poison
 l - 4 scrolls of immolation
 r - a scroll of fear
 u - 3 scrolls of noise
 C - a scroll of blinking
 L - 5 scrolls of silence
 W - a scroll of enchant weapon
 X - a scroll of identify
Potions
 b - 2 potions of invisibility
 d - 10 potions of curing
 o - 3 potions of cancellation
 p - 2 potions of might
 s - 10 potions of heal wounds
 x - 4 potions of lignification
 z - 2 potions of ambrosia
 A - 4 potions of haste
 H - a potion of brilliance
 M - 2 potions of mutation
Miscellaneous
 N - a condenser vane
 Z - a box of beasts


   Skills:
 + Level 7.9 Fighting
 - Level 2.7 Long Blades
 + Level 2.4 Maces & Flails
 + Level 6.4 Armour
 + Level 9.2 Dodging
 - Level 7.0 Stealth
 + Level 6.5 Shields
 * Level 9.2 Spellcasting
 + Level 6.5 Invocations


You knew the following spells:

 Your Spells              Type           Power      Damage    Failure   Level
a - Sandblast             Erth           96%        2d20      1%          1
b - Passwall              Tmut/Erth      40%        N/A       1%          2
c - Stone Arrow           Conj/Erth      96%        3d13      3%          3
d - Petrify               Tmut/Erth      48%        N/A       11%         4
e - Magic Dart            Conj           100%       1d8       1%          1
f - Call Imp              Summ           96%        N/A       1%          2
g - Poisonous Vapours     Pois/Air       96%        N/A       1%          2
h - Vampiric Draining     Necr           48%        2d9       3%          3
i - Silence               Hex/Air        24%        N/A       30%         5
j - Blade Hands           Tmut           24%        N/A       30%         5
Your spell library was empty.

Dungeon Overview and Level Annotations

Branches:
Dungeon (13/15)            Temple (1/1) D:4            Lair (0/5) D:10
    Orc (0/2) D:9           Sewer (visited)         Gauntlet (visited)
 Vaults: D:13-14

Altars:
Ashenzari
Cheibriados
Dithmenos
Elyvilon
Fedhas
Gozag
Hepliaklqana
Makhleb
Nemelex Xobeh
Okawaru
Qazlal
Ru
Trog
Uskayaw
Wu Jian
Xom
Yredelemnul
Zin
The Shining One

Shops:
D:6 =((   D:7 *(   D:11 *

Portals:
Trove: D:12 (give 14 potions of curing)

Annotations:
D:6 2 runed translucent doors


Innate Abilities, Weirdness & Mutations

Your life essence is reduced to manifest your ancestor. (-10% HP)
You are immune to sickness and miasma.
You are immune to poison.
Your flesh is very heat resistant. (rF++)
You are vulnerable to cold. (rC-)
You float through the air rather than walking.
You learn spells naturally, not from books.
Your magical power is your life essence.
You have superior vitality. (+4 MHP)


Message History

You feel life coursing into your body.
The eight-headed hydra bites you but does no damage.
The eight-headed hydra bites you!
You block the eight-headed hydra's attack.
The eight-headed hydra bites you! The eight-headed hydra bites you.
The eight-headed hydra misses you.
The eight-headed hydra bites you but does no damage.
The eight-headed hydra bites you!
Casting: Vampiric Draining (mildly dangerous; 3% risk of failure)
Confirm with . or Enter, or press ? or * to list all spells.
Aiming: Vampiric Draining (mildly dangerous; 3% risk of failure)
Press: ? - help, Shift-Dir - straight line, f/p - eight-headed hydra
Aim: an eight-headed hydra (heavily wounded)
You draw life force from the eight-headed hydra!
You feel life coursing into your body!
A sky beast comes into view.
The eight-headed hydra bites you!
You block the eight-headed hydra's attack.
The eight-headed hydra misses you. x2; The eight-headed hydra bites you!
The eight-headed hydra closely misses you.
The eight-headed hydra misses you.
The eight-headed hydra bites you but does no damage.
The centaur unwields a +0 shortbow.
You block the centaur's attack. The centaur misses you.
Casting: Vampiric Draining (mildly dangerous; 3% risk of failure)
Confirm with . or Enter, or press ? or * to list all spells.
Aiming: Vampiric Draining (mildly dangerous; 3% risk of failure)
Press: ? - help, Shift-Dir - straight line, f/p - eight-headed hydra
Aim: an eight-headed hydra (severely wounded)
You draw life force from the eight-headed hydra!
You feel life coursing into your body! You block the centaur's attack. x2
The eight-headed hydra bites you! x2
* * * LOW HITPOINT WARNING * * *
You block the eight-headed hydra's attack.
The eight-headed hydra bites you!
* * * LOW HITPOINT WARNING * * *
The eight-headed hydra bites you.
* * * LOW HITPOINT WARNING * * *
The eight-headed hydra bites you!
You die...

.........#
..........##
...........##
......#.....#
.......#....##
.......###...######..
.##.... ##..........
##... ##....#####
#.... #@.###
#...###Dc# #.....cc##
##....cc##
###.......#
#.........#
...........#
.......Y....#
........°....#


You could see an eight-headed hydra, a sky beast and 5 centaurs.

Vanquished Creatures
  A minotaur (Gauntlet)
  3 two-headed ogres
  Erica (D:8)
  Amaemon (D:9)
  A deep elf pyromancer (D:10)
  An ugly thing (D:12)
  A moth of wrath (Gauntlet)
  A gargoyle (D:10)
  An orange demon (D:9)
  A kobold demonologist (D:10)
  An efreet (Gauntlet)
  2 trolls
  A shadow (D:10)
  3 wraiths
  11 yaks
  2 wyverns
  A redback (Gauntlet)
  A fire elemental (Gauntlet)
  2 steam dragons
  2 vampire mosquitoes
  A warg (D:9)
  2 hell hounds (Gauntlet)
  An acid dragon (D:10)
  A floating eye (Gauntlet)
  3 water moccasins
  4 orc warriors
  2 black bears
  2 sky beasts
  7 centaurs
  4 phantoms
  3 wolves (D:9)
  3 kobold brigands
  A bullfrog (D:8)
  A gnoll sergeant (D:6)
  3 killer bees
  4 howler monkeys (D:7)
  4 electric eels (D:10)
  2 jellies (D:5)
  A gnoll bouda (D:4)
  11 orc priests
  A hound (D:5)
  A sleepcap (D:6)
  2 iguanas
  13 orc wizards
  6 gnolls
  6 river rats (Sewer)
  8 adders
  2 white imps
  An ufetubus (D:6)
  4 worms
  4 dart slugs
  25 orcs
  11 endoplasms
  11 giant cockroaches
  5 goblins
  3 hobgoblins
  2 jackals (Sewer)
  18 kobolds
  8 quokkas
  15 ball pythons
  8 bats
  5 frilled lizards
  4 rats
261 creatures vanquished.

Vanquished Creatures (collateral kills)
  Gastronok (D:8)
  Erolcha (D:12)
  Fannar (D:10)
  2 two-headed ogres
  A shining eye (Gauntlet)
  A manticore (D:12)
  A cyclops (D:12)
  A troll (D:12)
  A yak (D:10)
  2 wraiths (D:10)
  Grum (D:9)
  2 redbacks (Gauntlet)
  A vampire mosquito (D:11)
  A floating eye (Gauntlet)
  3 orc warriors
  3 centaurs
  A wolf (D:9)
  A kobold brigand (D:10)
  A gnoll sergeant (D:10)
  3 killer bees
  3 howler monkeys
  2 orc priests
  An orc wizard (D:9)
  A river rat (Sewer)
  8 orcs
  6 kobolds
50 creatures vanquished.

Vanquished Creatures (others)
  An ancestor (D:8)
  7 battlemagi
8 creatures vanquished.

Grand Total: 319 creatures vanquished

Notes
Turn   | Place    | Note
-------+----------+-------------------------------------------
     0 | D:1      | javelincjr the Djinni Earth Elementalist began the quest
                  | for the Orb.
     0 | D:1      | javelincjr set off with the following spells memorised:
                  | Sandblast, Passwall, Stone Arrow, Petrify.
     0 | D:1      | Reached XP level 1. HP: 15/15 MP: 0/0
   264 | D:1      | Reached XP level 2. HP: 20/21 MP: 0/0
   849 | D:2      | Reached XP level 3. HP: 20/26 MP: 0/0
   849 | D:2      | Learned a level 1 spell: Magic Dart
   949 | D:2      | Reached skill level 1 in Fighting
   949 | D:2      | Reached XP level 4. HP: 31/32 MP: 0/0
  1305 | D:2      | Found a faded altar of an unknown god.
  1789 | D:3      | Found a glowing drain.
  1799 | D:3      | Reached XP level 5. HP: 34/37 MP: 0/0
  1799 | D:3      | Learned a level 2 spell: Call Imp
  1802 | Sewer    | Entered a sewer
  2629 | Sewer    | Reached XP level 6. HP: 39/43 MP: 0/0
  3198 | D:4      | Found a staircase to the Ecumenical Temple.
  3238 | Temple   | Entered the Ecumenical Temple
  3300 | Temple   | Became a worshipper of Hepliaklqana the Forgotten
  4032 | D:4      | Reached XP level 7. HP: 42/49 MP: 0/0
  4032 | D:4      | Learned a level 2 spell: Poisonous Vapours
  4441 | D:5      | Entered Level 5 of the Dungeon
  4752 | D:5      | Identified the +1 robe "Bory" {Will+}
  5292 | D:6      | Reached XP level 8. HP: 37/56 MP: 0/0
  5612 | D:6      | Reached skill level 5 in Dodging
  5612 | D:6      | Reached skill level 5 in Spellcasting
  5763 | D:6      | Found a large runed translucent door.
  5763 | D:6      | Found a large runed translucent door.
  5765 | D:6      | Found a large runed translucent door.
  5765 | D:6      | Found a large runed translucent door.
  5767 | D:6      | Noticed a troll
  6108 | D:6      | Identified the +5 scimitar "Mykkiful" {venom, *Corrode rF+
                  | rN+ Dex+2}
  6263 | D:6      | Noticed a wyvern
  6364 | D:6      | Killed a wyvern
  6365 | D:6      | Reached XP level 9. HP: 34/62 MP: 0/0
  6365 | D:6      | Learned a level 3 spell: Vampiric Draining
  6480 | D:6      | Killed a troll
  6481 | D:6      | Reached skill level 1 in Shields
  6481 | D:6      | Reached skill level 1 in Invocations
  6746 | D:6      | Found Zunoug's Antique Weapon Boutique.
  6746 | D:6      | Found Retterghu's Jewellery Boutique.
  6748 | D:6      | Found Onenimum's Weapon Boutique.
  7248 | D:6      | Reached skill level 5 in Stealth
  7293 | D:7      | Reached skill level 5 in Fighting
  7375 | D:7      | Reached * piety under Hepliaklqana
  7497 | D:7      | Found Wamueh Ucs's CLEARANCE SALE!.
  7557 | D:7      | Reached XP level 10. HP: 63/63 MP: 0/0
  7934 | D:7      | Found a stormy altar of Qazlal.
  8079 | D:8      | Noticed Erica
  8093 | D:8      | Killed Erica
  8147 | D:8      | Found an iron altar of Okawaru.
  8183 | D:8      | Found a blossoming altar of Fedhas.
  8233 | D:8      | Noticed Gastronok
  8263 | D:8      | Reached ** piety under Hepliaklqana
  8266 | D:8      | Remembered your ancestor Tlaloc as a battlemage
  8523 | D:8      | Identified the +3 leather armour "Angic" {rElec rF- Str+5
                  | Dex+2}
  8705 | D:8      | Killed Gastronok
  8834 | D:9      | Noticed an orange demon
  8837 | D:9      | Noticed Amaemon
  8839 | D:9      | Killed an orange demon
  8840 | D:9      | Reached XP level 11. HP: 64/68 MP: 0/0
  8840 | D:9      | Learned a level 5 spell: Silence
  8914 | D:9      | Killed Amaemon
  9043 | D:9      | Found a staircase to the Orcish Mines.
  9277 | D:9      | Noticed Grum
  9280 | D:9      | Killed Grum
  9281 | D:9      | Reached skill level 1 in Armour
  9373 | D:9      | Reached skill level 1 in Long Blades
  9541 | D:9      | Reached *** piety under Hepliaklqana
  9874 | D:10     | Entered Level 10 of the Dungeon
  9884 | D:10     | Noticed Fannar
  9898 | D:10     | Killed Fannar
  9899 | D:10     | Reached skill level 5 in Shields
  9899 | D:10     | Reached skill level 5 in Invocations
  9990 | D:10     | Found a staircase to the Lair.
 10325 | D:10     | Noticed a deep elf pyromancer
 10334 | D:10     | Killed a deep elf pyromancer
 10370 | D:10     | Reached XP level 12. HP: 67/76 MP: 0/0
 10444 | D:10     | Noticed a two-headed ogre
 10455 | D:10     | Killed a two-headed ogre
 10907 | D:6      | Bought the +8 flail "Ipru" {vamp, rPois rC+ Stlth-} for 807
                  | gold pieces
 11198 | D:11     | Found Tilic's General Store.
 11323 | D:11     | Reached **** piety under Hepliaklqana
 11364 | D:11     | Noticed a two-headed ogre
 11369 | D:11     | Killed a two-headed ogre
 11626 | D:12     | Found a gate leading to a gauntlet.
 11631 | D:12     | Noticed a two-headed ogre
 11640 | D:12     | Killed a two-headed ogre
 11641 | D:12     | Reached skill level 1 in Maces & Flails
 11641 | D:12     | Reached skill level 5 in Armour
 11653 | D:12     | Identified the +0 leather armour of Uskayaw's Benevolence
                  | {rF- Will- rCorr Dex+6}
 11657 | Gauntlet | Entered a Gauntlet
 11657 | Gauntlet | Found a transporter.
 11657 | Gauntlet | Found a transporter.
 11660 | Gauntlet | Noticed a death scarab
 11670 | Gauntlet | Found a transporter.
 11672 | Gauntlet | Found the brooch of Shielding {Spirit SH+8}
 11687 | Gauntlet | Found a transporter.
 11687 | Gauntlet | Found a transporter.
 11689 | Gauntlet | Found a transporter.
 11692 | Gauntlet | Found a transporter.
 11692 | Gauntlet | Found a transporter.
 11708 | Gauntlet | Found a transporter.
 11721 | Gauntlet | Noticed a green death
 11723 | Gauntlet | Found a transporter.
 11751 | Gauntlet | Found a transporter.
 11809 | Gauntlet | Found a transporter.
 11831 | Gauntlet | Found a transporter.
 11850 | Gauntlet | Found a transporter.
 11958 | Gauntlet | Paralysed by a floating eye for 2 turns
 12003 | Gauntlet | Identified the -1 pair of boots "Isoossigoq" {+Inv rElec
                  | rF- Regen+}
 12115 | Gauntlet | Identified the amulet of Dishonesty {Reflect Rampage MP+9
                  | Str-2 SH+5}
 12148 | Gauntlet | Found the +3 Mad Mage's Maulers {Infuse+∞ VampMP -Cast}
 12148 | Gauntlet | Noticed a minotaur
 12158 | Gauntlet | Killed a minotaur
 12171 | D:12     | Upgraded the game from 0.30.0-13-g156ef70053 to
                  | 0.30.0-15-g856e2d3f33
 12178 | D:12     | Noticed a two-headed ogre
 12192 | D:12     | Killed a two-headed ogre
 12248 | D:12     | Noticed Erolcha
 12258 | D:12     | Killed Erolcha
 12259 | D:12     | Reached XP level 13. HP: 79/82 MP: 0/0
 12259 | D:12     | Learned a level 5 spell: Blade Hands
 12982 | D:12     | Found a portal to a secret trove of treasure.
 13314 | D:12     | Reached ***** piety under Hepliaklqana
 13472 | D:13     | Noticed an eight-headed hydra
 13475 | D:13     | Noticed a centaur warrior
 13486 | D:13     | Slain by an eight-headed hydra

Illustrated notes

Levels and vault maps discovered:
D:1:      dpeg_arrival_chambers_temple_mockup, layout_loops_cross
D:2:      minmay_skewed_foursquare, layout_loops_cross,
          hellmonk_ecumenical_altar_pennies_from_heaven, dk_vineyard_1
D:3:      layout_basic, gup_sewer_entry_pipe
D:4:      layout_loops_ring, temple_fountains, nicolae_grassy_gnolls
D:5:      layout_rooms
D:6:      nicolae_cairo_tiling_large_dashed, layout_rooms,
          nicolae_shop_distant_corner_stores, minmay_hollow_rounded_squares
D:7:      layout_basic, kennysheep_mini, nicolae_shop_clearance
D:8:      layout_basic, mainiacjoe_overflow_concentric_impassable,
          old_standard_altar, uniq_gastronok, uniq_erica
D:9:      layout_loops_corners, david_orc_1_choice, uniq_amaemon, uniq_grum
D:10:     minmay_recursive_quarters, layout_basic, lair_entry_dummy, uniq_fannar
D:11:     layout_long_grid, serial_shops, shop
D:12:     layout_long_grid, gauntlet_entry_generic, nicolae_trove_entry_columns,
          uniq_erolcha
D:13:     minmay_dotted_concentric_squares, layout_cave_pods, uniq_lodul
Temple:   hellmonk_temple_of_storms

Skill      XL: |  1  2  3  4  5  6  7  8  9 10 11 12 |
---------------+-------------------------------------+-----
Stealth        | 2 3 4 5 6 7 |  7.0
Fighting       | 1 2 3 4 5 6 7 |  7.9
Spellcasting   | 3 4 5 6 7 8 9 |  9.2
Dodging        | 3 4 5 6 7 8 9 |  9.2
Shields        | 2 4 5 6 |  6.5
Invocations    | 2 4 5 6 |  6.5
Armour         | 3 6 |  6.4
Long Blades    | 2 |  2.7
Maces & Flails | 2 |  2.4

Action                     |  1- 3 |  4- 6 |  7- 9 | 10-12 | 13-15 || total
---------------------------+-------+-------+-------+-------+-------++-------
  Melee: Whip              |       |    11 |       |       |       ||    11
         Punch             |       |     1 |     1 |       |       ||     2
         Scimitar          |       |       |    30 |    23 |       ||    53
         Mace              |       |       |     1 |       |       ||     1
         Flail             |       |       |       |    35 |     1 ||    36
   Cast: Sandblast         |    33 |   118 |       |     5 |       ||   156
         Magic Dart        |     3 |    71 |    32 |    23 |     5 ||   134
         Call Imp          |       |     6 |     3 |    10 |     1 ||    20
         Stone Arrow       |       |     5 |   101 |   134 |     9 ||   249
         Poisonous Vapours |       |       |    25 |    71 |    11 ||   107
         Petrify           |       |       |     3 |     1 |       ||     4
         Passwall          |       |       |     1 |       |       ||     1
         Vampiric Draining |       |       |     5 |    32 |     3 ||    40
 Invoke: Ancestor Life: Ba |       |       |       |     1 |       ||     1
         Recall Ancestor   |       |       |       |     1 |       ||     1
    Use: Potion            |       |     2 |       |     3 |       ||     5
         Scroll            |       |     8 |     8 |     7 |       ||    23
   Stab: Sleeping          |       |       |       |     1 |       ||     1
         Distracted        |       |       |       |     1 |       ||     1
 Armour: Robe              |       |     9 |     8 |       |       ||    17
         Troll leather arm |       |       |     5 |    26 |     3 ||    34
  Dodge: Dodged            |     2 |    42 |    59 |    71 |     7 ||   181
         Repelled          |       |     1 |     1 |       |     1 ||     3
  Block: Other             |       |       |    21 |       |       ||    21
         Reflection        |       |       |     1 |    15 |     5 ||    21
         Kite shield       |       |       |       |    98 |    11 ||   109
